[Event "Hastings Masters"]
[Site "Horntye Park Sports Complex, "]
[Date "2012.01.02"]
[Round "6.1"]
[White "Wang, Yue"]
[Black "Pert, Nicholas"]
[Result "1-0"]
[WhiteElo "2697"]
[BlackElo "2563"]
[PlyCount "79"]
[EventDate "2012.??.??"]
[TimeControl "120+43"]
[WhiteClock "1:40:00"]
[BlackClock "0:01:00"]

1. d4 e6 2. c4 f5 3. g3 Nf6 4. Bg2 Be7 5. Nf3 d6 6. Nc3 O-O 7. O-O Ne4 8. Bd2
Nd7 9. Qc2 Ndf6 10. Rad1 Qe8 11. Nxe4 Nxe4 12. Bc1 Bd7 13. Ne1 b5 14. cxb5 Bxb5
15. Bxe4 fxe4 16. Qxe4 Bf6 17. Nd3 Bc6 18. Qe3 Rb8 19. f3 a5 20. Bd2 Rb5 21.
Qf2 g5 22. g4 Bg7 23. Bc3 Qg6 24. Qe1 a4 25. Nb4 Bb7 26. a3 Rf7 27. Qd2 h5 28.
h3 hxg4 29. hxg4 Ra5 30. Qd3 Qxd3 31. Rxd3 Ra8 32. Rc1 Raf8 33. d5 e5 34. Kg2
e4 35. Re3 Re8 36. Kg3 Be5+ 37. Bxe5 Rxe5 38. Rxe4 Rxe4 39. fxe4 Kf8 40. Rc4
1-0

[Event "Hastings Masters"]
[Site "Horntye Park Sports Complex, "]
[Date "2012.01.02"]
[Round "6.2"]
[White "Istratescu, Andrei"]
[Black "Sengupta, Deep"]
[Result "0-1"]
[WhiteElo "2627"]
[BlackElo "2562"]
[PlyCount "76"]
[EventDate "2012.??.??"]
[TimeControl "120+24"]
[WhiteClock "0:17:43"]
[BlackClock "1:40:00"]

1. e4 e6 2. d4 d5 3. Nd2 Nf6 4. e5 Nfd7 5. c3 c5 6. Bd3 Nc6 7. Ne2 cxd4 8. cxd4
f6 9. Nf4 Nxd4 10. Qh5+ Ke7 11. exf6+ Nxf6 12. Ng6+ hxg6 13. Qxh8 Kf7 14. Qh4
e5 15. Nf3 Bb4+ 16. Kf1 e4 17. Nxd4 exd3 18. Bg5 Be7 19. Qg3 Qb6 20. Qxd3 Qxb2
21. Rd1 Qxa2 22. h4 a5 23. Rc1 Ne4 24. Qe3 Ba3 25. Rc7+ Kg8 26. g3 Bd6 27. Rc2
Qa4 28. Kg2 Bd7 29. Rhc1 Qb4 30. Qd3 a4 31. f3 Be5 32. Ne2 Qb3 33. Qd1 Bh3+ 34.
Kh2 Qxf3 35. Qxd5+ Kh7 36. Rg1 Nxg5 37. Qxe5 Qf2+ 38. Kh1 Nf3 0-1

[Event "Hastings Masters"]
[Site "Horntye Park Sports Complex, "]
[Date "2012.01.02"]
[Round "6.3"]
[White "Holzke, Frank"]
[Black "Edouard, Romain"]
[Result "1/2-1/2"]
[WhiteElo "2506"]
[BlackElo "2621"]
[PlyCount "36"]
[EventDate "2012.??.??"]
[TimeControl "120+17"]
[WhiteClock "1:00:00"]
[BlackClock "1:40:00"]

1. c4 c5 2. Nc3 g6 3. g3 Bg7 4. Bg2 Nc6 5. Nf3 e5 6. O-O Nge7 7. a3 O-O 8. Ne1
d6 9. Nc2 Be6 10. Ne3 Qd7 11. d3 Bh3 12. Ned5 Bxg2 13. Kxg2 Nxd5 14. cxd5 Ne7
15. e4 f5 16. Qa4 Qxa4 17. Nxa4 Rfc8 18. Nc3 a6 1/2-1/2

[Event "Hastings Masters"]
[Site "Horntye Park Sports Complex, "]
[Date "2012.01.02"]
[Round "6.4"]
[White "Vovk, Yuri"]
[Black "Shyam, Sundar M"]
[Result "0-1"]
[WhiteElo "2571"]
[BlackElo "2462"]
[PlyCount "56"]
[EventDate "2012.??.??"]
[TimeControl "120+27"]
[WhiteClock "0:29:31"]
[BlackClock "1:40:00"]

1. d4 d5 2. c4 c6 3. Nf3 Nf6 4. Nc3 e6 5. Qd3 dxc4 6. Qxc4 b5 7. Qd3 a6 8. Bg5
c5 9. Bxf6 gxf6 10. O-O-O Ra7 11. e3 Rd7 12. Qc2 Nc6 13. Nxb5 axb5 14. Bxb5 Qb6
15. Qa4 Rc7 16. Kb1 Bd7 17. d5 exd5 18. Rxd5 Be6 19. Rhd1 Be7 20. Nh4 Kf8 21.
Bxc6 Qxc6 22. Qc4 Bxd5 23. Rxd5 Rd7 24. e4 Qe6 25. a3 Rxd5 26. exd5 Qe1+ 27.
Ka2 Qxf2 28. Qg4 f5 0-1

[Event "Hastings Masters"]
[Site "Horntye Park Sports Complex, "]
[Date "2012.01.02"]
[Round "6.5"]
[White "Das, Arghyadip"]
[Black "Lalith, Babu M.R"]
[Result "0-1"]
[WhiteElo "2470"]
[BlackElo "2484"]
[PlyCount "48"]
[EventDate "2012.??.??"]
[TimeControl "120+30"]
[WhiteClock "1:39:00"]
[BlackClock "1:40:00"]

1. e4 c6 2. d4 d5 3. f3 Qb6 4. Nc3 dxe4 5. fxe4 e5 6. Nf3 exd4 7. Nxd4 Nf6 8.
e5 Nd5 9. Nxd5 cxd5 10. Bb5+ Bd7 11. Bxd7+ Nxd7 12. Nf3 O-O-O 13. Qe2 Bc5 14.
c3 Rhe8 15. b4 Nxe5 16. Nxe5 Bd6 17. Be3 Qc7 18. Ng4 f5 19. O-O f4 20. Qd3 fxe3
21. Nxe3 Bxh2+ 22. Kh1 Be5 23. Nxd5 Qc6 24. Rad1 Rxd5 0-1

[Event "Hastings Masters"]
[Site "Horntye Park Sports Complex, "]
[Date "2012.01.02"]
[Round "6.7"]
[White "Knott, Simon J B"]
[Black "Howell, David W L"]
[Result "1/2-1/2"]
[WhiteElo "2332"]
[BlackElo "2633"]
[PlyCount "53"]
[EventDate "2012.??.??"]
[TimeControl "120+29"]
[WhiteClock "1:38:00"]
[BlackClock "1:40:00"]

1. Nf3 d5 2. d4 Nf6 3. c4 e6 4. g3 dxc4 5. Bg2 Bb4+ 6. Bd2 a5 7. Qc2 b5 8. a4
c6 9. axb5 Nd5 10. Qxc4 O-O 11. bxc6 Qb6 12. O-O Ba6 13. Qc2 Nxc6 14. Nc3 Rac8
15. Nxd5 exd5 16. Bc3 Rfe8 17. Rfe1 Nxd4 18. Nxd4 Qxd4 19. Bxd4 Rxc2 20. Bc3
Bc4 21. Red1 Bxc3 22. bxc3 Rxc3 23. Bxd5 Bxe2 24. Rdc1 Rxc1+ 25. Rxc1 Bh5 26.
Ra1 Rd8 27. Rxa5 1/2-1/2

[Event "Hastings Masters"]
[Site "Horntye Park Sports Complex, "]
[Date "2012.01.02"]
[Round "6.8"]
[White "Massoni, Michael"]
[Black "Vovk, Andrey"]
[Result "0-1"]
[WhiteElo "2304"]
[BlackElo "2551"]
[PlyCount "138"]
[EventDate "2012.??.??"]
[TimeControl "120+22"]
[WhiteClock "0:01:17"]
[BlackClock "0:00:33"]

1. e4 e5 2. Nf3 Nc6 3. Bb5 a6 4. Ba4 Nf6 5. d3 d6 6. c3 g6 7. Nbd2 Bg7 8. Nf1
O-O 9. Bg5 h6 10. Bxf6 Bxf6 11. Ne3 Bg7 12. g4 Kh8 13. Bc2 f5 14. gxf5 gxf5 15.
Rg1 fxe4 16. dxe4 Rf4 17. Qe2 Be6 18. O-O-O Qf6 19. Rg3 Rf8 20. Rdg1 Rxf3 21.
Rxg7 Rxf2 22. Qh5 Qxg7 23. Rxg7 Kxg7 24. Bb3 Bxb3 25. axb3 R2f6 26. Nf5+ Kh7
27. Qh4 Nd8 28. Nxh6 Rxh6 29. Qe7+ Kg8 30. Qg5+ Kh7 31. Qe7+ Rf7 32. Qxd8 Rxh2
33. Kb1 a5 34. b4 axb4 35. cxb4 b6 36. b5 Rg2 37. Qc8 Kg7 38. Ka2 Rg3 39. Qd8
Rg4 40. Qa8 Rh4 41. Qd8 Rg4 42. Qa8 Rg2 43. Qc8 Rh2 44. Qd8 Kh7 45. Kb3 Rg2 46.
Qc8 Rf3+ 47. Kc4 Rc2+ 48. Kd5 Kh6 49. Qg4 Rf4 50. Qh3+ Kg5 51. b4 Rg4 52. Qe3+
Kh4 53. Qe1+ Rg3 54. Ke6 Rcc3 55. Kd7 Kg4 56. Ke6 Kf4 57. Kd5 Rgd3+ 58. Ke6 Re3
59. Qh4+ Kf3 60. Qh3+ Kxe4 61. Qh1+ Rf3 62. Qd1 Ke3 63. Qg1+ Kd2 64. Qg2+ Kc1
65. Qa2 e4 66. Kd5 e3 67. Ke4 e2 68. Qa1+ Kd2 69. Qb2+ Ke1 0-1

[Event "Hastings Masters"]
[Site "Horntye Park Sports Complex, "]
[Date "2012.01.02"]
[Round "6.10"]
[White "Haydon, David L "]
[Black "Simacek, Pavel"]
[Result "1-0"]
[WhiteElo "2296"]
[BlackElo "2448"]
[PlyCount "69"]
[EventDate "2012.??.??"]
[TimeControl "120+21"]
[WhiteClock "1:37:00"]
[BlackClock "1:40:00"]

1. Nf3 f5 2. g3 Nf6 3. Bg2 e6 4. O-O d5 5. d4 Bd6 6. b3 Qe7 7. c4 c6 8. Bb2 a5
9. Qc1 Na6 10. Nbd2 O-O 11. Ne5 Bd7 12. Nxd7 Nxd7 13. Nf3 b5 14. Qd2 bxc4 15.
bxc4 Rfb8 16. Bc3 Bb4 17. cxd5 cxd5 18. Bxb4 Rxb4 19. Rfc1 Qd6 20. e3 Nc7 21.
Ne1 Nb6 22. Bf1 Nc4 23. Bxc4 dxc4 24. Qc2 Qd7 25. a3 Ra4 26. Nf3 Nd5 27. Ne5
Qe8 28. Nxc4 Rc8 29. Qb3 Rb8 30. Qd3 h5 31. Rab1 Rxb1 32. Rxb1 Qc6 33. Nb2 Qc3
34. Qxc3 Nxc3 35. Ra1 1-0